 Dungeon Crawl Stone Soup version 0.29.0-15-g675c0067aa (webtiles) character file.

Game seed: 1188355508755980645

55 Frenzy the Covered (level 4, -19/35 HPs)
             Began as a Human Fighter on Sept 12, 2022.
             Was a Follower of Zin.
             Killed by an exploding Sigmund (30 damage)
             ... ignited by their inner flame
             ... on level 2 of the Dungeon.
             The game lasted 00:04:30 (888 turns).

Frenzy the Covered (Human Fighter)                   Turns: 888, Time: 00:04:31

Health: -19/35     AC:  7    Str: 18    XL:     4   Next: 14%
Magic:  4/4        EV:  9    Int:  8    God:    Zin [*.....]
Gold:   36         SH:  4    Dex: 13    Spells: 3/3 levels left

rFire   . . .      SeeInvis .   a - +0 long sword
rCold   . . .      Faith    .   c - +0 buckler
rNeg    . . .      Spirit   .   b - +0 scale mail
rPois   .          Reflect  .   (no helmet)
rElec   .          Harm     .   (no cloak)
rCorr   +          Rampage  .   (no gloves)
Will    .....                   (no boots)
Stlth   ..........              (no amulet)
HPRegen 0.11/turn               g - ring of resist corrosion
MPRegen 0.09/turn               (no ring)

@: no status effects
A: no striking features
a: Renounce Religion, Recite, Donate Gold


You were on level 2 of the Dungeon.
You worshipped Zin.
Zin was aware of your devotion.
You visited 1 branch of the dungeon, and saw 2 of its levels.

You collected 40 gold pieces.
You donated 4 gold pieces to Zin.

Inventory:

Hand Weapons
 a - a +0 long sword (weapon)
Armour
 b - a +0 scale mail (worn)
 c - a +0 buckler (worn)
Jewellery
 g - a ring of resist corrosion (left hand)
Scrolls
 h - a scroll of poison {unknown}
Potions
 d - a potion of might
 e - a potion of curing {unknown}
 f - a potion of berserk rage
 i - a potion of lignification
 k - a potion of flight {unknown}


   Skills:
 + Level 3.3 Fighting
 + Level 2.6 Long Blades
 + Level 3.7 Armour
 + Level 0.2 Dodging
 + Level 3.3 Shields


You had 3 spell levels left.
You didn't know any spells.
Your spell library was empty.

Dungeon Overview and Level Annotations

Branches:
Dungeon (2/15)

Altars:
Zin


Message History

Found a scroll labelled FEOTUESODECHY.
g - a ring of resist corrosion
g - a ring of resist corrosion (left hand)
h - a scroll labelled FEOTUESODECHY A rat comes into view.
Found a dagger.
The rat bites you but does no damage.
You closely miss the rat. The rat closely misses you.
The rat barely misses you.
You barely miss the rat. The rat bites you.
You slash the rat!
You kill the rat!
Sigmund the Dreaded comes into view.
He is wielding a +0 scythe.
As you read the scroll of immolation, it crumbles to dust.
The creatures around you are filled with an inner flame!
Sigmund barely misses you. Sigmund closely misses you.
You completely miss Sigmund.
A giant cockroach comes into view.
You closely miss Sigmund. Sigmund hits you but does no damage.
You barely miss Sigmund. Sigmund hits you but does no damage.
You hit Sigmund but do no damage. Sigmund barely misses you.
You barely miss Sigmund. Sigmund hits you with a +0 scythe!
* * * LOW HITPOINT WARNING * * *
You hit Sigmund.
Flame seeps out of Sigmund.
Sigmund is lightly wounded.
The giant cockroach bites you but does no damage.
Sigmund is engulfed in blazing flames.
Flame seeps out of Sigmund.
You block Sigmund's attack.
You slash Sigmund!
Flame seeps out of Sigmund.
Sigmund is severely wounded.
The giant cockroach bites you but does no damage.
The giant cockroach closely misses you.
You barely miss Sigmund.
Sigmund is severely wounded.
Sigmund is engulfed in blazing flames.
Sigmund explodes!
The fiery explosion engulfs you!!
Ouch! That really hurt!
You die...

#####.##.....###..#
#.......###.. ...#
#.......# #.# #..#
#.......###.###..#
#................#
##########..###..###
#...)......§§§.
######.####.°#
#######.####@§##
............B..#
...#..#.####..##
#..#.# #..# #. #.#
#..# #. #.# #..# #
#.# #..# #.# #..#
... ..#


You could see a giant cockroach.

Vanquished Creatures
  Sigmund (D:2)
  Jessica (D:2)
  2 endoplasms (D:1)
  2 giant cockroaches
  5 goblins
  A hobgoblin (D:2)
  2 quokkas (D:1)
  4 ball pythons
  4 bats (D:1)
  2 frilled lizards
  2 kobolds
  3 rats
29 creatures vanquished.

Vanquished Creatures (others)
  2 plants (D:2)
2 creatures vanquished.

Grand Total: 31 creatures vanquished

Notes
Turn   | Place    | Note
-------+----------+-------------------------------------------
     0 | D:1      | Frenzy the Human Fighter began the quest for the Orb.
     0 | D:1      | Reached XP level 1. HP: 18/18 MP: 1/1
     3 | D:1      | Noticed an electric eel
     4 | D:1      | Noticed an electric eel
   163 | D:1      | Reached XP level 2. HP: 10/24 MP: 2/2
   429 | D:1      | Found a faded altar of an unknown god.
   472 | D:1      | Prayed at the altar of an unknown god.
   472 | D:1      | Became a worshipper of Zin the Law-Giver
   472 | D:1      | Reached * piety under Zin
   675 | D:1      | Reached XP level 3. HP: 28/29 MP: 3/3
   719 | D:2      | Noticed Jessica
   728 | D:2      | Killed Jessica
   747 | D:2      | Reached XP level 4. HP: 29/35 MP: 4/4
   877 | D:2      | Noticed Sigmund
   888 | D:2      | Killed Sigmund
   888 | D:2      | Killed by an exploding Sigmund... ignited by their inner
                  | flame

Illustrated notes

Levels and vault maps discovered:
D:1:      arrival_aquarium_b, layout_basic, hellmonk_ecumenical_altar_blasted,
          chequers_serial_rivers_micro_d
D:2:      layout_basic, corexii_shack, uniq_robin, uniq_sigmund, uniq_jessica

Action                   |  1- 3 |  4- 6 || total
-------------------------+-------+-------++-------
Melee: Long sword        |    77 |    30 ||   107
  Use: Scroll            |     4 |     1 ||     5
Armor: Scale mail        |    41 |    19 ||    60
Dodge: Dodged            |    41 |    19 ||    60
Block: Buckler           |    17 |     8 ||    25
